 Dungeon Crawl Stone Soup version 0.19.5 (webtiles) character file.

47695 tricornhat the Carver (level 14, -5/169 HPs)
             Began as a Demonspawn Berserker on Mar 13, 2017.
             Was a High Priest of Trog.
             Slain by an enormous slime creature (49 damage)
             ... on level 12 of the Dungeon on Mar 15, 2017.
             The game lasted 02:05:17 (17419 turns).

tricornhat the Carver (Demonspawn Berserker)       Turns: 17419, Time: 02:05:19

Health: -5/169     AC: 30    Str: 27    XL:     14   Next: 9%
Magic:  5/5        EV: 14    Int: 10    God:    Trog [*****.]
Gold:   698        SH: 17    Dex: 22    Spells: 0 memorised, 13 levels left

rFire  . . .     SeeInvis +     a - +4 falchion (antimagic)
rCold  + . .     Gourm    .     d - +5 plate armour {ponderous}
rNeg   . . .     Faith    .     H - +2 buckler {AC+3}
rPois  .         Spirit   .     j - +1 hat {SInv}
rElec  .         Reflect  .     (no cloak)
rCorr  .         Harm     .     g - +2 pair of gloves
MR     +....                    n - +2 pair of boots
Stlth  ..........               (no amulet)
                                A - ring of protection from cold
                                q - +5 ring of strength

@: agile, berserking (expiring), very slightly contaminated, very quick
A: claws 2, large bone plates 3, powered by pain 2, robust 1, spiny 1
a: Berserk, Trog's Hand, Brothers in Arms, Burn Spellbooks, Renounce Religion


You were on level 12 of the Dungeon.
You worshipped Trog.
Trog was extremely pleased with you.
You were near starving.

You visited 3 branches of the dungeon, and saw 15 of its levels.
You visited 1 bazaar.

You collected 996 gold pieces.
You spent 298 gold pieces at shops.

Inventory:

Hand Weapons
 a - a +4 antimagic falchion (weapon)
 k - a +0 vampiric long sword
 s - a +1 scimitar of freezing
 u - a +5 morningstar of protection
 E - a +2 demon blade of venom
Armour
 d - a +5 plate armour of ponderousness (worn)
 g - a +2 pair of gloves (worn)
 j - a +1 hat of see invisible (worn)
 n - a +2 pair of boots (worn)
 p - a +2 helmet
 F - a cursed +0 shield
 H - a +2 buckler of protection (worn)
Jewellery
 o - a cursed ring of teleportation
 q - a +5 ring of strength (left hand)
 A - a ring of protection from cold (right hand)
Wands
 x - a wand of flame (0/48)
 C - a wand of iceblast (9/15)
 L - a wand of digging (15/24)
 M - a wand of flame (22/48)
 N - a wand of acid (3/15)
 O - a wand of random effects (16/48)
 P - a wand of paralysis (8/24)
Scrolls
 e - a scroll of identify
 h - 5 scrolls of remove curse
 y - a scroll of fog
 B - a scroll of blinking
 D - 2 scrolls of fear
 I - a scroll of acquirement {unknown}
Potions
 f - 2 potions of ambrosia
 i - 3 potions of brilliance
 l - a potion of might
 m - 3 potions of haste
 r - 2 potions of curing
 w - a potion of invisibility
 z - 2 potions of agility
 G - 2 potions of flight {unknown}
 K - a potion of cure mutation
Comestibles
 c - 6 bread rations
 t - 4 meat rations


   Skills:
 + Level 7.6 Fighting
 * Level 14.3 Long Blades
 + Level 2.0 Throwing
 * Level 9.4 Armour
 - Level 1.7 Dodging
 + Level 2.2 Stealth
 + Level 8.4 Shields
 * Level 7.4 Unarmed Combat
 + Level 3.0 Evocations


You had 13 spell levels left.
You didn't know any spells.

Dungeon Overview and Level Annotations

Branches:
Dungeon (12/15)            Temple (0/1) D:4            Lair (1/6) D:8
    Orc (2/2) D:9             Elf (0/3) Orc:2

Altars:
Elyvilon
Fedhas
Trog
Uskayaw

Shops:
D:9 *   Orc:2 ??


Innate Abilities, Weirdness & Mutations

You have very sharp fingernails.
You are completely covered in large bone plates. (SH +8)
You sometimes gain power by taking damage.
You are robust. (+10% HP)
You are partially covered in sharp spines.


Message History

Your plate armour prevents you from hitting the slime creature.
The slime creature is severely wounded.
The slime creature hits you but does no damage.
You slice the enormous slime creature!!
The enormous slime creature is severely wounded.
The slime creature is struck by your spines.
The slime creature hits you.
* * * LOW HITPOINT WARNING * * *
The enormous slime creature misses you.
You slash the enormous slime creature!
The enormous slime creature is severely wounded.
You block the slime creature's attack.
You slash the enormous slime creature!
The enormous slime creature is severely wounded.
You block the slime creature's attack.
Your plate armour prevents you from hitting the enormous slime creature.
The enormous slime creature is severely wounded.
The enormous slime creature is struck by your spines.
The enormous slime creature hits you!!!
You die...

#....######....#....#
#.....)...(c§..#....#
############...JJJ...#....#
#.....#.........#)...#....#
#.....#.........#[[..#....#
#.....#...c.....#(([.#....#
#.....#.........#(...#....##
#.....#.#.J###########......
#.......#.J@(..#............
#.......#..J)..#........)...
#.....)†#.....(#........)...
#.......#......#.....######.
#......(#......#.....# ....
#.......#......#.....# .....
#.......#......#.....#......
#.......#......#.)...#......
#.......########)(...#......


You could see an enormous slime creature, 2 slime creatures and a centaur.

Vanquished Creatures
  Gastronok (D:8)
  An ogre mage (Orc:2)
  A hydra (D:12)
  A centaur warrior (D:12)
  The ghost of Santreim the Cleaver, a novice MiFi of the Shining One (Lair:1)
  2 hill giants (D:11)
  An orc knight (Orc:2)
  2 ugly things
  A deep elf mage (D:12)
  2 orc sorcerers (Orc:2)
  A black mamba (Lair:1)
  A centaur zombie (D:10)
  An orange demon (Orc:2)
  Psyche (D:8)
  A spiny frog (Lair:1)
  A kobold demonologist (D:12)
  A hellwing (Orc:2)
  A komodo dragon (Lair:1)
  3 trolls
  A hornet (D:11)
  Prince Ribbit (D:8)
  3 hippogriffs
  The ghost of tof the Conjurer, an amateur DEWz (D:4)
  2 wyverns
  10 yaks
  Grum (D:9)
  A basilisk (D:8)
  8 water moccasins
  A sky beast (D:8)
  10 ice beasts
  A porcupine (Lair:1)
  25 orc warriors
  2 phantoms
  3 eyes of draining (D:8)
  2 necrophages
  3 wolves (D:9)
  10 centaurs
  21 ogres
  A crocodile (Lair:1)
  10 bullfrogs
  6 scorpions
  22 killer bees
  2 howler monkeys (D:12)
  7 crimson imps
  A quasit (D:11)
  5 hounds
  3 jellies
  3 bullfrog skeletons (D:5)
  2 centaur skeletons
  24 orc priests
  5 iguanas
  23 orc wizards
  4 worker ants
  A howler monkey skeleton (D:10)
  A worker ant zombie (D:11)
  3 gnolls (D:8)
  9 adders
  2 shadow imps (D:7)
  An ooze (D:1)
  An adder zombie (D:7)
  9 dart slugs
  5 leopard geckos
  82 orcs
  A ball python (D:2)
  7 bats
  5 giant cockroaches
  5 goblins
  6 hobgoblins
  11 jackals
  9 kobolds
  2 quokkas
  4 frilled lizards
  A leopard gecko skeleton (D:6)
  6 rats
419 creatures vanquished.

Vanquished Creatures (others)
  An orc wizard (D:6)
  A bush (Lair:1)
  6 fungi (Lair:1)
  3 plants (Lair:1)
11 creatures vanquished.

Grand Total: 430 creatures vanquished

Notes
Turn   | Place    | Note
-------+----------+-------------------------------------------
     0 | D:1      | tricornhat the Demonspawn Berserker began the quest for the Orb.
     0 | D:1      | Reached XP level 1. HP: 18/18 MP: 1/1
   206 | D:1      | Reached skill level 3 in Long Blades
   278 | D:1      | Gained mutation: You are partially covered in large bone plates. (SH +4) [demonic ancestry]
   278 | D:1      | Reached XP level 2. HP: 22/24 MP: 2/2
   687 | D:1      | Gained mutation: You are mostly covered in large bone plates. (SH +6) [demonic ancestry]
   687 | D:1      | Reached XP level 3. HP: 29/29 MP: 3/3
  1113 | D:2      | Reached ** piety under Trog
  1137 | D:2      | Gained mutation: You sometimes gain a little power by taking damage. [demonic ancestry]
  1137 | D:2      | Reached XP level 4. HP: 35/35 MP: 4/4
  1258 | D:2      | Reached skill level 4 in Long Blades
  2206 | D:3      | Reached XP level 5. HP: 41/41 MP: 5/5
  2637 | D:4      | Noticed an orc warrior
  3221 | D:4      | Found a hide-covered altar of Uskayaw.
  3274 | D:4      | Reached skill level 5 in Long Blades
  3618 | D:4      | Noticed tof's ghost (amateur DEWz)
  3646 | D:4      | Killed tof's ghost
  3646 | D:4      | Reached skill level 1 in Shields
  3646 | D:4      | Reached XP level 6. HP: 40/47 MP: 6/6
  3969 | D:4      | Found a staircase to the Ecumenical Temple.
  4269 | D:5      | Entered Level 5 of the Dungeon
  4529 | D:5      | Gained mutation: You sometimes gain power by taking damage. [demonic ancestry]
  4529 | D:5      | Reached XP level 7. HP: 51/53 MP: 7/7
  4725 | D:5      | Reached *** piety under Trog
  4749 | D:5      | Reached skill level 6 in Long Blades
  4912 | D:6      | Reached skill level 1 in Unarmed Combat
  5115 | D:6      | Reached skill level 7 in Long Blades
  5115 | D:6      | Gained mutation: You are partially covered in sharp spines. [demonic ancestry]
  5115 | D:6      | Reached XP level 8. HP: 53/60 MP: 8/8
  5996 | D:7      | Reached skill level 8 in Long Blades
  6131 | D:7      | Noticed a hippogriff
  6139 | D:7      | Killed a hippogriff
  6139 | D:7      | Reached skill level 5 in Armour
  6363 | D:7      | Reached XP level 9. HP: 60/66 MP: 9/9
  6460 | D:7      | You fall through a shaft for 3 floors!
  6460 | D:10     | Entered Level 10 of the Dungeon
  6482 | D:9      | Noticed Grum
  6507 | D:9      | Killed Grum
  6507 | D:9      | Reached **** piety under Trog
  6738 | D:9      | Found a staircase to the Orcish Mines.
  6787 | Orc:1    | Entered Level 1 of the Orcish Mines
  6826 | D:8      | Reached skill level 9 in Long Blades
  6839 | D:8      | Found a white marble altar of Elyvilon.
  7020 | D:8      | Noticed Psyche
  7038 | D:8      | Killed Psyche
  7260 | D:8      | Found a bloodstained altar of Trog.
  7334 | D:8      | Noticed Prince Ribbit
  7476 | D:8      | Found a staircase to the Lair.
  7508 | D:8      | Reached skill level 5 in Fighting
  7650 | D:8      | Killed Prince Ribbit
  7751 | D:8      | Gained mutation: You have sharp fingernails. [demonic ancestry]
  7751 | D:8      | Reached XP level 10. HP: 74/74 MP: 10/10
  7777 | D:8      | Reached skill level 10 in Long Blades
  7860 | D:8      | Noticed Gastronok
  7897 | D:8      | Killed Gastronok
  7897 | D:8      | Reached skill level 5 in Shields
  8393 | D:7      | Received a gift from Trog
  8680 | Lair:1   | Entered Level 1 of the Lair of Beasts
  8848 | Lair:1   | Reached skill level 1 in Evocations
  8938 | Lair:1   | Noticed a black mamba
  8956 | Lair:1   | Killed a black mamba
  8956 | Lair:1   | Reached skill level 11 in Long Blades
  8962 | Lair:1   | Noticed Santreim's ghost (novice MiFi)
  8996 | Lair:1   | Killed Santreim's ghost
  9364 | Lair:1   | Gained mutation: You have very sharp fingernails. [demonic ancestry]
  9364 | Lair:1   | Reached XP level 11. HP: 80/80 MP: 11/11
  9389 | Lair:1   | Noticed a six-headed hydra
  9737 | Lair:1   | Noticed an eight-headed hydra
  9738 | Lair:1   | Reached skill level 5 in Unarmed Combat
 10003 | Lair:1   | Reached ***** piety under Trog
 10589 | D:9      | Gained mutation: You have sharp toenails. [potion of beneficial mutation]
 10591 | D:9      | Lost mutation: You have sharp toenails. [potion of cure mutation]
 10643 | D:9      | Gained mutation: You are completely covered in large bone plates. (SH +8) [demonic ancestry]
 10643 | D:9      | Reached XP level 12. HP: 89/89 MP: 12/14
 10644 | D:9      | Reached skill level 13 in Long Blades
 10644 | D:9      | Reached XP level 13. HP: 95/95 MP: 12/15
 10676 | D:9      | Found Iloew's General Store.
 10693 | D:9      | Bought a scroll of identify for 24 gold pieces
 11078 | D:10     | Received a gift from Trog
 12129 | Orc:2    | Entered Level 2 of the Orcish Mines
 13015 | Orc:2    | Found a staircase to the Elven Halls.
 13031 | Orc:2    | Paralysed by an ogre mage for 3 turns
 13056 | Orc:2    | Reached skill level 14 in Long Blades
 13087 | Orc:2    | Found Elen's Magic Scroll Boutique.
 13089 | Orc:2    | Found Ecwoghir's Magic Scroll Shop.
 13601 | Orc:2    | Bought a scroll of blinking for 75 gold pieces
 13601 | Orc:2    | Bought a scroll of teleportation for 30 gold pieces
 13601 | Orc:2    | Bought a scroll of teleportation for 30 gold pieces
 13601 | Orc:2    | Bought a scroll of identify for 20 gold pieces
 13649 | Orc:2    | HP: 7/144 [orc priest/divine providence (10)]
 13649 | Orc:2    | HP: 1/144 [orc warrior/flail (6)]
 14270 | D:11     | Found a flickering gateway to a bazaar.
 14327 | D:11     | Received a gift from Trog
 14373 | Bazaar   | Entered a bazaar
 14400 | Bazaar   | Found Bushred's General Store.
 14426 | Bazaar   | Found Fudumet's Assorted Antiques.
 14581 | Bazaar   | Bought a scroll of identify for 44 gold pieces
 14623 | Bazaar   | Bought a meat ration for 75 gold pieces
 14930 | D:11     | Found a blossoming altar of Fedhas.
 16241 | D:12     | Received a gift from Trog
 17154 | D:12     | Gained mutation: You are robust. (+10% HP) [demonic ancestry]
 17154 | D:12     | Reached XP level 14. HP: 91/113 MP: 5/16
 17419 | D:12     | Slain by an enormous slime creature

Skill      XL: |  1  2  3  4  5  6  7  8  9 10 11 12 13 |
---------------+----------------------------------------+-----
Long Blades    | 3 4 5 7 8 9 11 13 14 | 14.3
Armour         | 2 3 4 5 6 8 9 |  9.4
Shields        | 1 2 4 5 6 8 |  8.4
Fighting       | 4 5 6 7 |  7.6
Unarmed Combat | 1 2 4 6 7 |  7.4
Evocations     | 1 2 3 |  3.0
Throwing       | 2 |  2.0
Stealth        | 2 |  2.2
Dodging        | |  1.7

Action                   |  1- 3 |  4- 6 |  7- 9 | 10-12 | 13-15 || total
-------------------------+-------+-------+-------+-------+-------++-------
Melee: Falchion          |   141 |   293 |   133 |       |   513 ||  1080
       Long sword        |       |       |   354 |   295 |   424 ||  1073
       Scimitar          |       |       |       |       |    69 ||    69
Invok: Burn Spellbooks   |       |       |     2 |     2 |     2 ||     6
       Berserk           |       |       |       |       |     2 ||     2
       Brothers in Arms  |       |       |       |       |     1 ||     1
Evoke: Wand              |       |       |     4 |    12 |    16 ||    32
  Use: Scroll            |       |    14 |     9 |     8 |    13 ||    44
       Potion            |       |       |     2 |     9 |     2 ||    13
  Eat: Fruit             |     1 |     3 |     3 |       |       ||     7
       Bread ration      |       |     2 |     1 |     1 |     1 ||     5
       Chunk             |       |     1 |       |       |    10 ||    11
       Beef jerky        |       |       |     2 |     5 |     2 ||     9
       Pizza             |       |       |     1 |       |       ||     1
       Meat ration       |       |       |       |     1 |     1 ||     2
Armor: Plate armour      |   140 |   239 |   231 |   193 |   332 ||  1135
Dodge: Dodged            |    50 |    55 |    79 |    72 |   136 ||   392
Block: Other             |    46 |    46 |       |       |       ||    92
       Buckler           |       |    60 |   241 |   183 |   746 ||  1230
       Rpst.: Falchion   |    12 |    12 |     8 |       |    26 ||    58
       Long sword        |       |       |    16 |    17 |    18 ||    51
       Scimitar          |       |       |       |       |     4 ||     4
